[Event "Early-Titled-Tuesday-Blitz-January-30-2024"]
[Site "Chess.com"]
[Date "2024.01.30"]
[Round "9"]
[White "FM_VS99"]
[Black "IngOscarArdila"]
[Result "1-0"]
[WhiteElo "2563"]
[BlackElo "2344"]
[TimeControl "180+1"]
[EndTime "9:50:02 PST"]
[Termination "FM_VS99 won by resignation"]

1. d4 Nf6 2. Nf3 e6 3. g3 Be7 4. Bg2 O-O 5. c4 d6 6. O-O Nbd7 7. Nc3 c6 8. e4 e5 9. h3 Re8 10. Be3 Qc7 11. d5 c5 12. Ne1 Bf8 13. Nd3 g6 14. Kh2 Bg7 15. f4 a6 16. fxe5 Nxe5 17. Nxe5 Rxe5 18.
g4 Re8 19. Qf3 h6 20. Bf4 Nh7 21. h4 Be5 22. Kh1 Bxf4 23. Qxf4 g5 24. hxg5 hxg5 25. Qg3 Re5 26. Ne2 Qe7 27. Nc1 Qf8 28. Nd3 Qh6+ 29.
Kg1 Re8 30. e5 dxe5 31. Rae1 f6 32. Nxc5 Qh4 33. Qxh4 gxh4 34. d6 Bxg4 35. Bxb7 Rad8 36. d7 Bxd7 37. Nxd7 Rxd7 38. Bc6 Rg7+ 39. Kh2 Rd8 40. Bd5+ Kh8 41. Rf5 Rb8 42. b3 Rg5 43. Rf2 Kg7 44.
Ref1 Rf8 45. Rf5 Rxf5 46. Rxf5 Ng5 47. c5 Rc8 48. c6 Rc7 49. Rf2 Kg6 50. b4 f5 51. a4 f4 52. b5 axb5 53. axb5 Kf5 54.
b6 Rc8 55. b7 Rf8 56. c7 e4 57. c8=Q+ Ke5 58. Qxf8 Kxd5 59. b8=Q Nf3+ 60. Rxf3 exf3 61. Qf5+ 1-0

[Event "Early-Titled-Tuesday-Blitz-January-30-2024"]
[Site "Chess.com"]
[Date "2024.01.30"]
[Round "9"]
[White "Savagelittlemole"]
[Black "Evgeny81"]
[Result "0-1"]
[WhiteElo "2489"]
[BlackElo "2715"]
[TimeControl "180+1"]
[EndTime "9:50:08 PST"]
[Termination "Evgeny81 won by resignation"]

1. e4 e6 2. d4 d5 3. Nd2 Nd7 4. Ngf3 Ne7 5. c3 c5 6. exd5 Nxd5 7. Nb3 Be7 8. Bd3 Qc7 9. dxc5 Nxc5 10. Nxc5 Qxc5 11.
O-O O-O 12. Nd4 b6 13. Qh5 g6 14. Qe5 Bf6 15. Qg3 Bb7 16. Bh6 Rfe8 17. Rae1 Bxd4 18. cxd4 Qxd4 19. Re4 Qxb2 20. Rh4 Qf6 21. Bg5 Qg7 22. Bh6 Qb2 23. Rb1 Qf6 24. Bg5 Qg7 25. Bh6 Qf6 26. Bg5 Qh8 27. Rc4 Rac8 28. h4 Rxc4 29. Bxc4 Qd4 30.
Bxd5 Bxd5 31. Rc1 f6 32. Be3 Qe4 33. Rc7 a5 34. Bh6 e5 35. f3 Qd4+ 36. Kh2 Bf7 37. h5 Qd6 38. Ra7 Qb8 39. Rd7 Qc8 40. Ra7 Qf5 41. hxg6 hxg6 42. Be3 Qh5+ 43. Qh3 Qxh3+ 44.
Kxh3 Rb8 45. Ra6 Bxa2 46. Bxb6 Bc4 47. Rxa5 Rxb6 48. Ra7 Bf7 49. g4 Kg7 50. Kg3 Rc6 51.
Rb7 Rd6 52. Re7 Rd4 53. Ra7 Rc4 54. Kf2 Kf8 55. Kg3 Rd4 56. Kf2 Ke8 57. Kg3 Rd7 58. Ra8+ Ke7 59. Ra6 Rd6 60. Ra7+ Ke6 61. Ra3 Rc6 62.
Kf2 Be8 63. Ra8 Bd7 64. Rg8 g5 65. Ra8 Rd6 66. Ra3 Rd4 67. Kg3 Bc6 68. Ra6 Kd6 69.
Ra3 Rf4 70. Kf2 Rxf3+ 71. Rxf3 Bxf3 72. Kxf3 Kd5 73. Ke3 e4 0-1

[Event "Early-Titled-Tuesday-Blitz-January-30-2024"]
[Site "Chess.com"]
[Date "2024.01.30"]
[Round "9"]
[White "LiemLe"]
[Black "MKlose11"]
[Result "1-0"]
[WhiteElo "3067"]
[BlackElo "2664"]
[TimeControl "180+1"]
[EndTime "9:50:10 PST"]
[Termination "LiemLe won by checkmate"]

1. Nf3 Nf6 2. c4 c5 3. Nc3 Nc6 4. g3 d6 5. Bg2 g6 6. d4 cxd4 7.
Nxd4 Bd7 8. O-O Bg7 9. Nxc6 Bxc6 10. e4 O-O 11. Qe2 Re8 12. Rd1 Qa5 13. Bd2 Qh5 14.
Bf3 Qh3 15. Rac1 Rac8 16. Nd5 Bxd5 17. exd5 Bh6 18. Bg2 Qg4 19. Bf3 Qh3 20. Bg2 Qg4 21. f3 Qd4+ 22. Kf1 Bxd2 23. Rxd2 Qc5 24. Rc3 a6 25. Rdc2 Qa5 26. Ra3 Qc5 27. f4 h5 28.
Bf3 Kg7 29. Qf2 Rc7 30. Qxc5 Rxc5 31. Ke2 Rec8 32. Kd3 a5 33. Rb3 R8c7 34. Rcc3 Nd7 35. Kd4 Nf6 36. Be2 Nd7 37. Re3 Kf6 38. h3 e5+ 39.
dxe6 fxe6 40. Kc3 d5 41. a4 dxc4 42. Rb5 Rxb5 43. axb5 Nb6 44. Kd4 Nd5 45. Re5 c3 46.
bxc3 Nxc3 47. Bc4 Nd5 48. Bxd5 exd5 49. Rxd5 Rc1 50. Rd6+ Kf5 51. Rb6 h4 52. gxh4 a4 53.
Rxb7 Kxf4 54. Ra7 Ra1 55. b6 Kg3 56. Kc5 Rc1+ 57. Kd6 Rb1 58. Kc6 Kxh4 59. Rxa4+ Kxh3 60. Ra5 Rc1+ 61. Rc5 Rf1 62. b7 Rf8 63. Kb6 Kh4 64.
Rc8 Rf6+ 65. Kb5 Rf1 66. Rc4+ Kh5 67. b8=Q Rb1+ 68. Rb4 Rg1 69. Qh8+ Kg5 70. Qe5+ Kh6 71.
Qh2+ Kg5 72. Qxg1+ Kf6 73. Qh2 Kf7 74. Qf4+ Kg7 75.
Qg5 Kh7 76. Rf4 Kg7 77. Rf6 Kg8 78. Rxg6+ Kh8 79. Qh6# 1-0

[Event "Early-Titled-Tuesday-Blitz-January-30-2024"]
[Site "Chess.com"]
[Date "2024.01.30"]
[Round "9"]
[White "Karttunen"]
[Black "Hongjin"]
[Result "1-0"]
[WhiteElo "2634"]
[BlackElo "2789"]
[TimeControl "180+1"]
[EndTime "9:50:16 PST"]
[Termination "Karttunen won by resignation"]

1. d4 Nf6 2. c4 e6 3. Nc3 Bb4 4. e3 O-O 5. Bd3 d5 6. Nf3 c5 7. a3 cxd4 8. axb4 dxc3 9. bxc3 dxc4 10. Bxc4 Qxd1+ 11. Kxd1 Ne4 12. Kc2 Nxf2 13. Rf1 Ne4 14. Bd3 Nf6 15. e4 Nc6 16. b5 Nb8 17. Be3 a6 18. h3 Bd7 19. g4 Rc8 20. g5 Ne8 21. Ne5 f6 22. gxf6 Nxf6 23. Bg5 Rf8 24. Rg1 Kh8 25. Be3 Be8 26. Bc5 Rg8 27. Bd6 Nbd7 28. bxa6 bxa6 29. Nxd7 Bxd7 30. e5 Nd5 31. Bxa6 Ne3+ 32.
Kd2 Nf5 33. Bc7 Bc6 34. Bc4 Rae8 35. Ra7 Nh4 36. Ke3 Re7 37. Bb6 Rxa7 38. Bxa7 Rf8 39. Rf1 Nf5+ 40. Kd2 Rd8+ 41. Kc1 Bd5 42. Bd3 Ra8 43. Bc5 Rc8 44. Bb4 Nd4 45. Kb2 Nf3 46. Bd6 h6 47. c4 Bc6 48. Kc3 Ra8 49. Be2 Ra3+ 50. Bxa3 Nxe5 51. Rf8+ Kh7 52. Bd3+ Nxd3 53. Kxd3 Kg6 54. Rc8 Bg2 55. h4 e5 56. Rc7 Kf6 57.
Bb2 g5 58. Rc5 Bf1+ 59. Ke3 Kg6 60. Bxe5 gxh4 61. Bh2 h3 62. Kd4 Kf7 63. Re5 Bg2 64. c5 Kf6 65. Re3 Kf5 66. Re8 Kf6 67. Rc8 Ke6 68.
Ke3 Kd7 69. Rh8 Kc6 70. Kd4 Kd7 71. Rxh6 Kc8 72. Rd6 Kb7 73. Kc4 Kc8 74. Kb5 Kb7 75.
Rd7+ Kc8 76. Rg7 Kd8 77. c6 Kc8 78. Kb6 Kd8 79. c7+ Kc8 80. Rg8+ 1-0

[Event "Early-Titled-Tuesday-Blitz-January-30-2024"]
[Site "Chess.com"]
[Date "2024.01.30"]
[Round "9"]
[White "Sjakkerntobi"]
[Black "Nekoo04"]
[Result "1-0"]
[WhiteElo "2517"]
[BlackElo "2393"]
[TimeControl "180+1"]
[EndTime "9:50:16 PST"]
[Termination "Sjakkerntobi won on time"]

1. e4 c5 2. Nf3 d6 3. Nc3 Nf6 4. e5 dxe5 5. Nxe5 a6 6. Bc4 e6 7.
O-O Nbd7 8. Nxd7 Bxd7 9. d4 b5 10. Be2 cxd4 11. Qxd4 Bc6 12. Qh4 b4 13. Nd1 Be7 14. Qg3 h5 15. Bg5 h4 16. Qh3 Nh5 17. Bxe7 Qxe7 18. Bf3 Qb7 19. Bxc6+ Qxc6 20. Qg4 Nf6 21.
Qh3 Qxc2 22. Ne3 Qe4 23. Rfe1 O-O 24. Rad1 Rac8 25. Nd5 Qxe1+ 26. Rxe1 Nxd5 27. Qxh4 Rc2 28. Qd4 Rfc8 29. h3 a5 30. Re4 Kf8 31. Rh4 Ke7 32. Qxg7 Re2 33. Qg5+ Kd7 34. Rh7 Rcc2 35. Rxf7+ Kc6 36.
Qd8 Rxb2 37. Qc8+ Kb5 38. Qe8+ Kc4 39. Qc6+ Kd4 40. Qc1 Rxa2 41. Qd1+ Red2 42. Qg4+ Kc5 43. Qxe6 b3 44. Rf8 b2 45. Rc8+ Kb4 46. Qe4+ Kb3 47.
Qc4+ Ka3 48. Qc5+ Nb4 49. Qc3+ Ka4 50. Qxd2 b1=Q+ 51. Qc1 Ra1 52. Qxb1 Rxb1+ 53. Kh2 Kb3 54. h4 a4 55. Ra8 a3 56. h5 Rf1 57. Kg3 Rh1 58.
Kg4 Rh2 59. g3 Rxf2 60. h6 Rf6 61. Kg5 Rb6 62. h7 Ra6 63. Rxa6 Nxa6 64. h8=Q a2 65. Qa1 Nb4 66. Qd1+ Nc2 67. Qd3+ Kb2 68. Qb5+ Kc1 69. Qf1+ Kd2 70. Qf2+ Kc1 71. Qf4+ 1-0

[Event "Early-Titled-Tuesday-Blitz-January-30-2024"]
[Site "Chess.com"]
[Date "2024.01.30"]
[Round "9"]
[White "Preobrazhenska_D2011"]
[Black "ChessSwole"]
[Result "0-1"]
[WhiteElo "2380"]
[BlackElo "2602"]
[TimeControl "180+1"]
[EndTime "9:50:17 PST"]
[Termination "ChessSwole won by resignation"]

1. e4 c5 2. Nf3 Nc6 3. Bb5 e5 4.
Bxc6 dxc6 5. O-O Bd6 6. b3 Ne7 7. Bb2 f6 8. d3 O-O 9. Nbd2 Bc7 10. a4 Be6 11. Re1 Ng6 12. Nf1 Nf4 13. Ne3 Ba5 14.
Rf1 Qe8 15. Nh4 Rd8 16. Qf3 g6 17. Ng4 Qd7 18. Ne3 Rf7 19. Kh1 Rdf8 20. g3 Nh3 21. Qg2 Bc7 22. Bc1 f5 23. Qxh3 f4 24. Qg2 Bh3 25.
Qg1 fxe3 26. Bxe3 Bxf1 27. Rxf1 b6 28. f3 Bd8 29. Qg2 Bxh4 30. gxh4 Kh8 31. Bh6 Re8 32. Bg5 Qe6 33. Qg3 Kg7 34. h5 h6 35. Be3 Kh7 36.
hxg6+ Qxg6 37. Qh4 Rg8 38. Rg1 Qf6 39. Qxf6 Rxf6 40.
Rxg8 Kxg8 41. Kg2 Kf7 42. Kg3 Kg6 43. f4 exf4+ 44. Bxf4 Rf7 45. h3 b5 46. a5 Rd7 47.
Be5 c4 48. bxc4 bxc4 49. dxc4 Rd2 50. c5 Rxc2 51. Bd6 Rc3+ 52. Kg4 h5+ 53. Kh4 Re3 54. Bb8 Rxe4+ 55. Kg3 a6 56. Bd6 Ra4 57. Bc7 Kf5 58. Kf3 Ra3+ 59. Kg2 Ke4 60. Bd6 Rxa5 61. Kg3 Kf5 62.
Kh4 Kg6 63. Kg3 Ra4 64. Kg2 Kf5 65. Bc7 Rc4 66. Bb6 Ke4 67. Kg3 Kd5 68. Kf3 Rxc5 69.
Bxc5 Kxc5 70. Kf4 a5 71. Kg5 a4 72. Kxh5 a3 73. h4 a2 74. Kg6 a1=Q 75. h5 Qh8 0-1

[Event "Early-Titled-Tuesday-Blitz-January-30-2024"]
[Site "Chess.com"]
[Date "2024.01.30"]
[Round "9"]
[White "SantoBlue"]
[Black "Njal28"]
[Result "1-0"]
[WhiteElo "2978"]
[BlackElo "3041"]
[TimeControl "180+1"]
[EndTime "9:50:23 PST"]
[Termination "SantoBlue won on time"]

1. e4 e5 2. Nf3 Nc6 3. Bb5 a6 4. Ba4 d6 5. c3 Bd7 6. d4 Nge7 7. O-O Ng6 8. Re1 Be7 9. Bc2 O-O 10. Be3 Qc8 11. Nbd2 a5 12. a3 h6 13. Nf1 Nh4 14.
Nxh4 Bxh4 15. Ng3 Bxg3 16. hxg3 f5 17. dxe5 dxe5 18. exf5 Bxf5 19. Bxf5 Rxf5 20. Qd5+ Kh8 21. Rad1 a4 22. Qe4 Qe6 23. g4 Rf7 24. Rd5 Re8 25. Red1 Kg8 26. Rb5 Nd8 27. Qxa4 e4 28. Rb4 Nc6 29.
Rxb7 Qxg4 30. Rd5 Re6 31. Qc4 Rg6 32. Qf1 Rf5 33. Rxf5 Qxf5 34. Bd4 Qd7 35. Rb5 Nxd4 36. cxd4 Qxd4 37. Rb4 Qd5 38. Qc4 c6 39. Qxe4 Qd1+ 40.
Kh2 Rg5 41. Rb8+ Kf7 42. Rb7+ Kg8 43. Rb8+ Kf7 44. Qe8+ Kf6 45. Qd8+ Qxd8 46. Rxd8 Rc5 47. b4 Rc2 48. a4 Rc4 49. Rb8 c5 50. Rb6+ Kf7 51. bxc5 Rxa4 52. Rc6 Rc4 53. Kg3 h5 54. Kf3 g5 55. Ke3 h4 56. Kd3 Rc1 57. Rc8 g4 58. Rh8 h3 59. gxh3 gxh3 60. Kd4 Rd1+ 61. Kc4 Rc1+ 62.
Kb5 Rc3 63. c6 Kg7 64. Rh4 Kf6 65. f4 Ke6 66. Kb6 Kd5 67. Rh5+ Kd6 68. Rh6+ Kd5 69. c7 Rb3+ 70. Ka7 Rc3 71. Kb7 Rb3+ 72. Rb6 h2 73. c8=Q Rxb6+ 74. Kxb6 h1=Q 75. Qc6+ Kd4 76. Qxh1 1-0

[Event "Early-Titled-Tuesday-Blitz-January-30-2024"]
[Site "Chess.com"]
[Date "2024.01.30"]
[Round "9"]
[White "Sam_ChessMood"]
[Black "Agibileg"]
[Result "1-0"]
[WhiteElo "2907"]
[BlackElo "2769"]
[TimeControl "180+1"]
[EndTime "9:50:23 PST"]
[Termination "Sam_ChessMood won by resignation"]

1. d4 Nf6 2. c4 e6 3. Nc3 Bb4 4. e3 O-O 5. Bd2 d5 6. Nf3 c5 7. a3 Bxc3 8. Bxc3 Ne4 9. Rc1 Nc6 10.
dxc5 Nxc3 11. Rxc3 Qe7 12. cxd5 exd5 13. Nd4 Ne5 14.
Be2 Qg5 15. Kf1 Qg6 16. f3 Bd7 17. Kf2 Rfe8 18. Re1 Rad8 19. Bf1 h5 20. Qc2 Qf6 21. Kg1 h4 22. h3 Ng6 23. Qf2 Re7 24. b4 Rde8 25. b5 Nf4 26. Rd1 Nh5 27. c6 bxc6 28.
bxc6 Bc8 29. c7 Ng3 30. Bb5 Rf8 31. Rdc1 Qg5 32. Bd3 Rxe3 33. Bh7+ Kxh7 34. Qxe3 Qf6 35. Ne2 d4 36. Nxd4 Qxd4 37. Qxd4 Ne2+ 38. Kf2 Nxd4 39. Rb1 Ne6 40. Rb8 g6 41. f4 Kg7 42. Rc4 Kf6 43. Ra4 Ke7 44. Rxa7 Kd7 45. Rb1 Kc6 46. Rc1+ Kb6 47.
Ra4 Bd7 48. Rb4+ Ka7 49. Rd1 Bc6 50. Rd6 Bb7 51. Rd7 Rc8 52. Rxf7 Nxc7 53. Rc4 Kb8 54. Rg7 Nd5 55. Rxc8+ Bxc8 56. Rxg6 Nxf4 57. Rh6 Bb7 58. Rxh4 Nxg2 59. Rh8+ Kc7 60. Rh7+ Kb6 61. Rxb7+ Kxb7 62. Kxg2 1-0

[Event "Early-Titled-Tuesday-Blitz-January-30-2024"]
[Site "Chess.com"]
[Date "2024.01.30"]
[Round "9"]
[White "UK_23"]
[Black "GatoRojo150"]
[Result "1-0"]
[WhiteElo "2424"]
[BlackElo "2573"]
[TimeControl "180+1"]
[EndTime "9:50:23 PST"]
[Termination "UK_23 won by resignation"]

1. e4 e5 2. Nf3 Nc6 3. d4 exd4 4. Nxd4 Qf6 5. Nf3 Bb4+ 6. c3 Bc5 7. Bg5 Qg6 8. Nbd2 Ne5 9. Bh4 Nxf3+ 10. Qxf3 Ne7 11.
Nb3 Bb6 12. O-O-O d6 13. Qf4 Nc6 14. Be2 O-O 15. g4 a5 16. a4 Ne5 17. f3 Bd7 18. Nd4 Bxa4 19. Nf5 Rfe8 20. Rdf1 f6 21. Kb1 Qf7 22.
Bf2 Qb3 23. Bxb6 Qc2+ 24. Ka1 cxb6 25. Rf2 Qb3 26. g5 Bb5 27. gxf6 Nc4 28. Bd1 a4 29.
Bxb3 axb3+ 30. Kb1 Ne5 31. f7+ Kxf7 32. Nxd6+ Ke7 33.
c4 Nxc4 34. Qg5+ Kxd6 35. Qd5+ Kc7 36. Rc1 Re6 37. Rxc4+ Rc6 38. Rxc6+ bxc6 39. Qf7+ Kd6 40. Rd2+ Kc5 41. Qf5+ Kb4 42. Qe5 c5 43. Qc3+ Ka4 44.
Rd3 Bxd3+ 45. Qxd3 b5 46. Qc3 c4 47. Qxg7 Ra6 48. Qb7 Ra5 49. e5 b4 50. Qc6+ Rb5 51.
Qxc4 Rxe5 52. Qa6+ Ra5 53. Qc6+ Rb5 54. f4 Ka5 55. Qc7+ Ka4 56. Qa7+ Ra5 57. Qd7+ Rb5 58. f5 Ka5 59. f6 Rg5 60. Qc7+ Kb5 61. Qd7+ Ka5 62. Kc1 Rc5+ 63. Kd2 Rc2+ 64. Kd3 Rxb2 65. f7 Rf2 66. Qd5+ Ka4 67. Qa8+ Kb5 68. f8=Q Rxf8 69.
Qxf8 b2 70. Qf1 Ka4 71. Qb1 Ka3 72. Ke4 Kb3 73. Kf4 Kc3 74. Kg5 b3 75. Kh6 Kd2 76.
Kxh7 Kc3 77. h4 Kb4 78. h5 Kc3 79. h6 Kb4 80. Kg7 Kc3 81. h7 Kb4 82. h8=Q Kc3 83. Qh3+ Kd2 84. Qg2+ Kc3 85. Qf3+ Kb4 86. Qfe4+ Ka3 87.
Qa8+ Kb4 88. Qxb2 Kb5 89. Qxb3+ Kc5 90. Qa5+ 1-0

[Event "Early-Titled-Tuesday-Blitz-January-30-2024"]
[Site "Chess.com"]
[Date "2024.01.30"]
[Round "9"]
[White "Szparu"]
[Black "Kostya0705"]
[Result "1/2-1/2"]
[WhiteElo "2760"]
[BlackElo "2604"]
[TimeControl "180+1"]
[EndTime "9:50:25 PST"]
[Termination "Game drawn by repetition"]

1. e4 c5 2. Nf3 e6 3. d4 cxd4 4. Nxd4 Nc6 5. Nc3 Qc7 6. Be3 a6 7. a3 Nf6 8. f4 d6 9. Qf3 Be7 10.
O-O-O Nxd4 11. Bxd4 b5 12. e5 Bb7 13. Qg3 dxe5 14.
Bxe5 Qc5 15. Be2 O-O 16. Rd7 Bc6 17. b4 Qxc3 18. Bxc3 Bxd7 19. Rd1 Ra7 20. f5 a5 21. Qe3 Rc7 22. Rxd7 Nxd7 23. Qg3 e5 24. Bxb5 axb4 25. axb4 Rfc8 26. Bxd7 Rxc3 27. Bxc8 Rxg3 28. hxg3 Bxb4 29. Kb2 Kf8 30. Kb3 Be1 31. g4 Ke7 32. Kc4 Kd6 33. Bb7 Bf2 34. f6 gxf6 35. Bd5 Ke7 36. Kb5 Kd6 37. Kc4 h6 38. Bxf7 Bc5 39. Kd3 Bg1 40. Ke4 Bc5 41. Kf5 Ke7 42. Kg6 Be3 43. Bd5 Bc1 44. c4 Bd2 45. c5 Bb4 46. c6 Bd2 47. Kf5 Ba5 48. Bf3 Bd2 49. Be2 Kd6 50. Bb5 Bg5 51. Kg6 Kc7 52. Kf5 Kb6 53. Ke6 Kc7 54.
Kd5 Bh4 55. Bd3 Bg5 56. Bf5 Bh4 57. Be4 Bg5 58. Ke6 Bh4 59. Kf7 Bg5 60. Kg6 Kb6 61. g3 Kc7 62. Kf5 Kb6 63. Ke6 Kc7 64. Kd5 Be3 65. Ke6 Bg5 66. Ke7 Be3 67. Kxf6 Kd6 68. Kg6 Bd2 69. Kf7 Be3 70. Ke8 Kc7 71. Ke7 Bf2 72. Ke6 Bxg3 73. Kf5 Bf4 74. Kg6 Bg5 75.
Kf7 Kb6 76. Ke6 Kc7 77. Kxe5 Bc1 78. Kf5 Bg5 79. Kg6 Bc1 80. Kh5 Bg5 81. Kg6 Bc1 82. Kh5 Bg5 83. Kg6 1/2-1/2

[Event "Early-Titled-Tuesday-Blitz-January-30-2024"]
[Site "Chess.com"]
[Date "2024.01.30"]
[Round "9"]
[White "Snegokhod"]
[Black "alexrustemov"]
[Result "0-1"]
[WhiteElo "2578"]
[BlackElo "2772"]
[TimeControl "180+1"]
[EndTime "9:50:25 PST"]
[Termination "alexrustemov won by resignation"]

1. b3 d5 2. g3 Bf5 3. d3 Nf6 4.
Bg2 e6 5. Bb2 Be7 6. Nd2 h6 7. e3 O-O 8. Ne2 c5 9. O-O Nc6 10. a3 Qc7 11. e4 Bh7 12. exd5 Nxd5 13. Nc3 Nxc3 14. Bxc3 Nd4 15. Re1 Rfd8 16. Ne4 Rac8 17.
Bd2 b5 18. a4 a6 19. axb5 axb5 20. Bf4 e5 21. Bd2 Nc6 22. Qh5 Bg6 23. Qg4 Qd7 24.
Qxd7 Rxd7 25. Bh3 f5 26. Nc3 Nd4 27. Red1 Nxc2 28. Ra6 Kh7 29. Nxb5 Rxd3 30. Bf1 Rd7 31. Ra7 Rcd8 32. Rxd7 Rxd7 33. Be2 Nd4 34. Nxd4 cxd4 35. Bc4 e4 36. Ra1 Rb7 37. Ra6 Bb4 38. Bxb4 Rxb4 39. Kf1 Bh5 40. Ke1 Bg4 41. Rd6 d3 42. Kd2 Rb7 43. Kc3 Ra7 44. b4 Ra1 45. b5 Rc1+ 46. Kb4 Rc2 47. Bb3 Rb2 48. Kc3 Rb1 49. b6 Bd1 50.
Bxd1 Rxd1 51. h4 Rb1 52. h5 Kg8 53. Kd2 Kf7 54. g4 Ke7 55. Rg6 f4 56. Rxg7+ Kf6 57.
Rg6+ Ke5 58. Rxh6 Rb2+ 59. Kc1 Rb3 60. Rh8 e3 61. Re8+ Kd4 62. fxe3+ fxe3 63. h6 d2+ 64. Kc2 Rc3+ 65. Kb2 Rc6 66. Rd8+ Ke4 67. h7 Rxb6+ 68. Kc3 Rc6+ 69. Kb2 Rh6 70. h8=Q Rxh8 71. Rxh8 d1=Q 72.
Re8+ Kf3 73. Rf8+ Kxg4 74. Rg8+ Kf3 75. Rf8+ Ke2 76. Rd8 Qxd8 0-1

[Event "Early-Titled-Tuesday-Blitz-January-30-2024"]
[Site "Chess.com"]
[Date "2024.01.30"]
[Round "9"]
[White "Happy1712Drummer"]
[Black "NM_Antelacus"]
[Result "1-0"]
[WhiteElo "2423"]
[BlackElo "2249"]
[TimeControl "180+1"]
[EndTime "9:50:39 PST"]
[Termination "Happy1712Drummer won on time"]

1. e4 c5 2. Nf3 Nc6 3. Bb5 g6 4. Bxc6 dxc6 5. d3 Bg7 6. O-O Nf6 7. Nc3 O-O 8. h3 Ne8 9. a4 e5 10. a5 Nc7 11. Be3 b6 12. axb6 axb6 13. Rxa8 Nxa8 14. Qd2 Nc7 15. Bh6 Qe7 16. Bxg7 Kxg7 17. Ra1 Nb5 18.
Nxb5 cxb5 19. Qc3 f6 20. b4 Be6 21. Rb1 c4 22. d4 exd4 23. Nxd4 Bd7 24. Qe3 Re8 25. f3 Qe5 26. Ne2 f5 27. Rd1 Re7 28.
Qxb6 fxe4 29. fxe4 Qxe4 30. Qd4+ Qxd4+ 31. Nxd4 Kf6 32. Kf2 Re5 33. Nf3 Re7 34. Rd5 Bc6 35. Rc5 Bxf3 36.
Kxf3 Re5 37. Rc7 h5 38. Rb7 Kf5 39. g4+ hxg4+ 40. hxg4+ Kg5 41. Rc7 Kf6 42. Rc6+ Kf7 43. Kf4 Re2 44. Rc7+ Kf6 45. g5+ Ke6 46. Rc6+ Kf7 47.
Rf6+ Kg7 48. Rb6 Rxc2 49. Rb7+ Kf8 50. Rxb5 c3 51. Rc5 Rb2 52. Rxc3 Rxb4+ 53. Ke5 Rb6 54. Rf3+ Kg7 55. Rd3 Rb5+ 56. Rd5 Rb7 57. Rd6 Rb5+ 58.
Rd5 Rb7 59. Rc5 Ra7 60. Rb5 Rc7 61. Ke6 Ra7 62. Rd5 Ra6+ 63. Rd6 Ra1 64. Rd7+ Kg8 65.
Rd6 Kg7 66. Rd7+ Kg8 67. Re7 Rf1 68. Re8+ Kg7 69. Re7+ Kg8 70. Ra7 Kf8 71. Ra8+ Kg7 72. Ra7+ Kg8 73. Ra5 Kg7 74. Re5 Kg8 75. Ke7 Kg7 76.
Ke8 Kg8 77. Re7 Rf5 78. Kd7 Rxg5 79. Ke6 Rf5 80. Ra7 1-0

[Event "Early-Titled-Tuesday-Blitz-January-30-2024"]
[Site "Chess.com"]
[Date "2024.01.30"]
[Round "9"]
[White "MFatigue"]
[Black "VinzentSpitzl"]
[Result "0-1"]
[WhiteElo "2460"]
[BlackElo "2617"]
[TimeControl "180+1"]
[EndTime "9:50:48 PST"]
[Termination "VinzentSpitzl won on time"]

1. e4 c5 2. a3 Nc6 3. b4 cxb4 4. axb4 Nxb4 5. c3 Nc6 6. d4 d5 7. exd5 Qxd5 8. Na3 e6 9. Nb5 Qd8 10. d5 Ne5 11. Bf4 f6 12. Bxe5 fxe5 13. d6 Kf7 14. Nf3 g6 15. Nxe5+ Kg7 16. d7 Bxd7 17. Qxd7+ Qxd7 18. Nxd7 Be7 19. Rxa7 Rxa7 20. Nxa7 Nh6 21. Be2 Rd8 22. Ne5 Bf6 23. f4 Ra8 24. Nb5 Ra1+ 25. Bd1 Nf5 26. Nd4 Ne3 27. Kd2 Nxg2 28. Nxe6+ Kg8 29.
Ng4 Be7 30. Rg1 Nh4 31. Nd4 Kg7 32. Re1 Bd6 33. Re4 Ra2+ 34. Bc2 h5 35. Ne3 Kh6 36. h3 Bc7 37. f5 gxf5 38. Ndxf5+ Nxf5 39. Nxf5+ Kg5 40. Ne3 h4 41. Rg4+ Kh5 42. Kd3 Be5 43. Bb3 Ra3 44. Rb4 Bf4 45. Ng4 Bg3 46. Rxb7 Kg5 47. Rb4 Bd6 48.
Rb5+ Kf4 49. Bc2 Kg3 50. Rh5 Kxh3 51. Nf6 Bf4 52. Ne4 Kg2 53. Rxh4 Be5 54. Rg4+ Kf3 55. Rg6 Ra8 56. Rc6 Rd8+ 57. Kc4 Bg7 58. Nc5 Ke3 59.
Bf5 Rf8 60. Be6 Rf4+ 61. Kb3 Rf3 62. Na4 Kf2 63. Bd5 Rg3 64. Rc7 Ke2 65. Re7+ Kd2 66. Rc7 Rg5 67. c4 Rg3+ 68. Kb4 Bf8+ 69. Nc5 Rg4 70.
Kb5 Rg3 71. Kc6 Kc3 72. Rc8 Rg6+ 73. Kb5 Be7 74. Ne4+ Kd4 0-1

[Event "Early-Titled-Tuesday-Blitz-January-30-2024"]
[Site "Chess.com"]
[Date "2024.01.30"]
[Round "9"]
[White "Cambek64"]
[Black "KhazhatulyAlikhan"]
[Result "1/2-1/2"]
[WhiteElo "2510"]
[BlackElo "2406"]
[TimeControl "180+1"]
[EndTime "9:51:00 PST"]
[Termination "Game drawn by repetition"]

1. e4 c5 2. Nf3 e6 3. c4 Nc6 4. d4 cxd4 5. Nxd4 Nxd4 6. Qxd4 d6 7. Nc3 Nf6 8. Be2 Be7 9. Be3 O-O 10. O-O b6 11. Rfd1 Bb7 12. f3 Qc8 13. Rac1 Rd8 14.
Qd2 Qc6 15. b3 Qe8 16. Qe1 Bc6 17. Qf2 Rd7 18. b4 Rad8 19. a3 Ba8 20. Bf1 Rc8 21. Nb5 Rcd8 22. Bf4 Bc6 23. Kh1 Bxb5 24. cxb5 d5 25. e5 Nh5 26. Be3 g6 27. g4 Ng7 28.
Bd4 h5 29. h3 Rc8 30. Rc6 Rdc7 31. Rxc7 Rxc7 32. Qd2 Qc8 33. Bd3 Qd8 34. Kg2 h4 35. f4 Qd7 36. Rc1 Qc8 37. Rxc7 Qxc7 38. Qc3 Qxc3 39. Bxc3 Kf8 40. Kf3 Ke8 41. a4 Kd7 42. a5 Kc7 43. Ke2 Kd7 44. Kd1 Bd8 45.
Kc2 Kc7 46. Kb3 Kd7 47. Ka4 Kc7 48. Bd4 Kb7 49. Bf2 Kc7 50. g5 Nh5 51. Be3 Ng3 52.
Kb3 Be7 53. Bf2 Nh5 54. Be3 Ng3 55. Kc3 Kb7 56. Bd2 Kc7 57. Kd4 Kb7 58. Be1 Kc7 59. Ke3 Kb7 60. Kf3 Nf5 61. Bxf5 exf5 62. a6+ Kc7 63. Bxh4 Bxb4 64. Bf2 Bc5 65. Be1 Kd7 66. Ke2 Ke6 67. Kd3 Kd7 68. Bd2 Ke6 69. Bc3 Kd7 70. Bd2 Kc7 71. Be1 Kd7 72. Bg3 Kc8 73. Ke2 Kc7 74. Kf3 Kd7 75. Ke2 Kc7 76. Kd3 Kd7 77.
Be1 Kc7 78. Bc3 Kc8 79. Bd4 Kc7 80. Kc3 Kc8 81. Kd3 Kc7 82. Ke3 Kc8 83. Kd3 1/2-1/2

[Event "Early-Titled-Tuesday-Blitz-January-30-2024"]
[Site "Chess.com"]
[Date "2024.01.30"]
[Round "9"]
[White "elchacal664"]
[Black "yaguigor"]
[Result "1/2-1/2"]
[WhiteElo "2375"]
[BlackElo "2551"]
[TimeControl "180+1"]
[EndTime "9:51:04 PST"]
[Termination "Game drawn by repetition"]

1. e4 e5 2. Nf3 Nc6 3. Bb5 f5 4. d3 fxe4 5. dxe4 Nf6 6. O-O Bc5 7. Nc3 d6 8. Bxc6+ bxc6 9. h3 O-O 10. Qe2 a5 11.
Rd1 Qe8 12. Be3 Ba6 13. Qe1 Bb4 14. Nd2 Bxc3 15. bxc3 c5 16. a4 Bb7 17. f3 Bc6 18. Nc4 Bxa4 19. Qd2 Qb5 20. Na3 Qc6 21. Nc4 Nd7 22.
Nxd6 cxd6 23. Qxd6 Rf6 24. Qd3 c4 25. Qd5+ Qxd5 26.
Rxd5 Bc6 27. Rdxa5 Rff8 28. Kf2 Kf7 29. g4 Rxa5 30.
Rxa5 Ra8 31. Rxa8 Bxa8 32. h4 Ke6 33. h5 Bc6 34. Ba7 Ba4 35. Ke3 Bxc2 36. g5 Bd1 37. Kf2 Kf7 38. Ke3 h6 39. gxh6 gxh6 40. Kf2 Nf6 41. Bb8 Ke6 42. f4 Bxh5 43. fxe5 Nxe4+ 44. Ke3 Nxc3 45. Kd4 Nd5 46. Kxc4 Bf3 47. Kd4 h5 48. Kd3 h4 49. Ba7 h3 50. Bg1 Kxe5 51. Bh2+ Kf5 52.
Kd4 Bg2 53. Kd3 Nf6 54. Ke2 Ng4 55. Bg3 Ke4 56. Ke1 Ke3 57. Bc7 h2 58. Bxh2 Nxh2 59. Kd1 Be4 60. Kc1 Ng4 61. Kb2 Kd4 62. Ka1 Kc3 63. Ka2 Ne3 64. Ka1 Nc2+ 65. Kb1 Bd5 66. Kc1 Ba2 67. Kd1 Nd4 68. Ke1 Bd5 69. Kf2 Nf5 70.
Ke2 Kc2 71. Kf2 Be4 72. Ke2 Kc1 73. Ke1 Kc2 74. Ke2 Kc3 75. Kd1 Bd3 76. Kc1 Nd4 77. Kd1 Be4 78. Kc1 Ne2+ 79. Kd1 Kd3 80. Ke1 Ke3 81.
Kd1 Bd3 82. Ke1 Bc2 83. Kf1 Nf4 84. Ke1 Bb3 85. Kf1 Kf3 86. Ke1 Ng2+ 87. Kd2 Ke4 88.
Kc1 Kd4 89. Kb2 Kc4 90. Ka1 Ne3 91. Kb1 Kc3 92. Ka1 Nc2+ 93. Kb1 Bc4 94. Kc1 Ba2 95.
Kd1 Nd4 96. Ke1 Bd5 97. Kf2 Nf5 98. Ke1 Kd3 99. Kd1 Ba2 100. Kc1 Kc3 101. Kd1 Nd4 1/2-1/2